[ AOE2 MATCH · #485960258 ]
UnrankedFranks vs Turks
Player's team · LOSS
Rival team · WIN
[ REPLAY ANALYSIS · EXTRACTED FROM THE RECORDED GAME ]
Feudal
8:55
Castle
30:29
Imperial
—
| APM avg | 76.9 |
| APM peak | 103 |
| eAPM avg | 34.9 |
| Villagers / military | 190 / 130 |
Focus
⚔️ 40.3% · 🌾 59.7%
Scout Cavalry ×57 · Archer ×49 · Skirmisher ×14 · Spearman ×7 · Throwing Axeman ×3
Feudal
8:50
Castle
22:20
Imperial
45:48
| APM avg | 71.9 |
| APM peak | 113 |
| eAPM avg | 33.0 |
| Villagers / military | 125 / 133 |
Focus
⚔️ 54.5% · 🌾 45.5%
Cavalry Archer ×63 · Archer ×21 · Knight ×16 · Camel Scout ×11 · Scout Cavalry ×9 · Militia ×5
Match map
Initial resources + every placement click. Lines = walls · curves = elevation contours. ◆ gold · ⬟ stone · ● berries · ✦ relic · ◌ wall gap
Your base· Open — opponent sealed themselves in
FMG | GreatMaty's base· ✓ Closed at 22:20 · 50t walls · no gate
Smoothed initial terrain · ◌ = detected wall gap · hover for details
Inputs per minute
— Rainbowlucho - - FMG | GreatMaty
Build order — Rainbowlucho
First 150 of 489 actions detected
| 0:00 | Create | Villager (Male) |
| 0:00 | Create | Villager (Male) |
| 0:01 | Create | Villager (Male) |
| 0:01 | Build | House |
| 0:02 | Build | House |
| 0:04 | Create | Villager (Male) |
| 0:04 | Create | Villager (Male) |
| 1:28 | Create | Villager (Male) |
| 1:51 | Build | Lumber Camp |
| 2:01 | Create | Villager (Male) |
| 2:03 | Create | Villager (Male) |
| 2:36 | Create | Villager (Male) |
| 3:14 | Create | Villager (Male) |
| 3:29 | Build | Mill |
| 3:34 | Create | Villager (Male) |
| 3:34 | Create | Villager (Male) |
| 3:55 | Create | Villager (Male) |
| 4:06 | Create | Villager (Male) |
| 4:06 | Create | Villager (Male) |
| 4:38 | Research | Loom |
| 4:40 | Build | House |
| 5:01 | Create | Villager (Male) |
| 5:04 | Create | Villager (Male) |
| 5:23 | Create | Villager (Male) |
| 5:44 | Create | Villager (Male) |
| 5:44 | Create | Villager (Male) |
| 5:54 | Create | Villager (Male) |
| 5:54 | Create | Villager (Male) |
| 5:57 | Create | Villager (Male) |
| 5:57 | Create | Villager (Male) |
| 6:32 | Build | Palisade Wall |
| 6:45 | Research | Feudal Age |
| 6:45 | Research | Feudal Age |
| 7:00 | Build | Palisade Wall |
| 7:32 | Build | Barracks |
| 7:47 | Build | House |
| 8:10 | Create | Villager (Male) |
| 8:39 | Build | Palisade Wall |
| 8:41 | Build | Palisade Wall |
| 8:44 | Create | Villager (Male) |
| 8:48 | Build | Palisade Wall |
| 8:53 | Create | Villager (Male) |
| 8:55 | Age | Feudal Age |
| 9:05 | Build | Archery Range |
| 9:10 | Create | Spearman |
| 9:15 | Research | Double-Bit Axe |
| 9:24 | Build | Palisade Wall |
| 9:28 | Create | Villager (Male) |
| 9:49 | Create | Villager (Male) |
| 9:58 | Create | Villager (Male) |
| 10:01 | Create | Archer |
| 10:18 | Create | Villager (Male) |
| 10:22 | Create | Villager (Male) |
| 10:24 | Build | Mining Camp |
| 10:25 | Build | Mining Camp |
| 10:40 | Create | Villager (Male) |
| 10:46 | Create | Skirmisher |
| 10:47 | Create | Villager (Male) |
| 10:55 | Build | House |
| 11:22 | Create | Skirmisher |
| 11:46 | Create | Skirmisher |
| 11:46 | Create | Villager (Male) |
| 11:50 | Create | Villager (Male) |
| 11:55 | Build | House |
| 12:00 | Create | Archer |
| 12:02 | Create | Villager (Male) |
| 12:24 | Create | Villager (Male) |
| 12:30 | Create | Villager (Male) |
| 12:36 | Create | Skirmisher |
| 12:45 | Create | Villager (Male) |
| 12:48 | Build | Blacksmith |
| 13:03 | Create | Villager (Male) |
| 13:06 | Build | Farm |
| 13:06 | Build | Farm |
| 13:23 | Create | Villager (Male) |
| 13:24 | Create | Archer |
| 13:25 | Build | Farm |
| 13:44 | Create | Villager (Male) |
| 13:45 | Create | Archer |
| 13:46 | Create | Villager (Male) |
| 13:47 | Build | House |
| 13:52 | Research | Fletching |
| 13:54 | Create | Villager (Male) |
| 13:57 | Build | Farm |
| 13:57 | Build | Farm |
| 14:16 | Build | House |
| 14:16 | Build | House |
| 14:29 | Build | Farm |
| 14:37 | Create | Archer |
| 14:38 | Create | Villager (Male) |
| 14:40 | Build | Farm |
| 14:41 | Build | Farm |
| 15:13 | Build | Farm |
| 15:13 | Build | Farm |
| 15:14 | Build | Farm |
| 15:14 | Build | Farm |
| 15:21 | Create | Villager (Male) |
| 15:24 | Create | Villager (Male) |
| 15:25 | Create | Archer |
| 15:26 | Create | Villager (Male) |
| 15:31 | Build | Farm |
| 15:32 | Build | Farm |
| 15:32 | Build | Farm |
| 15:33 | Create | Villager (Male) |
| 15:47 | Build | Farm |
| 15:48 | Build | Farm |
| 16:27 | Create | Villager (Male) |
| 16:29 | Build | Farm |
| 16:33 | Build | Farm |
| 16:33 | Build | Farm |
| 16:43 | Create | Archer |
| 17:01 | Create | Villager (Male) |
| 17:01 | Create | Archer |
| 17:02 | Create | Skirmisher |
| 17:02 | Create | Villager (Male) |
| 17:04 | Build | Farm |
| 17:08 | Create | Villager (Male) |
| 17:09 | Create | Skirmisher |
| 17:12 | Create | Villager (Male) |
| 17:16 | Build | Stable |
| 17:17 | Create | Villager (Male) |
| 17:21 | Create | Skirmisher |
| 17:24 | Create | Villager (Male) |
| 17:28 | Build | House |
| 17:29 | Build | House |
| 17:37 | Create | Skirmisher |
| 17:41 | Build | House |
| 17:49 | Create | Archer |
| 17:56 | Build | Farm |
| 17:57 | Build | Farm |
| 17:59 | Build | House |
| 18:18 | Create | Skirmisher |
| 18:21 | Build | House |
| 18:23 | Build | Palisade Wall |
| 18:26 | Create | Skirmisher |
| 18:27 | Create | Scout Cavalry |
| 18:31 | Create | Villager (Male) |
| 18:40 | Build | House |
| 18:43 | Build | Palisade Wall |
| 18:56 | Create | Skirmisher |
| 19:09 | Create | Villager (Male) |
| 19:26 | Create | Skirmisher |
| 19:35 | Create | Skirmisher |
| 19:39 | Build | Farm |
| 19:39 | Create | Scout Cavalry |
| 19:39 | Create | Scout Cavalry |
| 19:40 | Create | Villager (Male) |
| 19:40 | Create | Villager (Male) |
| 19:42 | Create | Villager (Male) |
| 19:44 | Research | Scale Barding Armor |
Build order — FMG | GreatMaty
First 150 of 387 actions detected
| 0:00 | Create | Villager (Male) |
| 0:00 | Create | Villager (Male) |
| 0:01 | Create | Villager (Male) |
| 0:02 | Build | House |
| 0:02 | Build | House |
| 0:11 | Create | Villager (Male) |
| 0:11 | Create | Villager (Male) |
| 1:20 | Create | Villager (Male) |
| 1:20 | Create | Villager (Male) |
| 1:49 | Create | Villager (Male) |
| 2:19 | Create | Villager (Male) |
| 2:25 | Build | Lumber Camp |
| 2:36 | Create | Villager (Male) |
| 2:49 | Create | Villager (Male) |
| 3:12 | Create | Villager (Male) |
| 3:12 | Create | Villager (Male) |
| 3:30 | Create | Villager (Male) |
| 3:34 | Build | House |
| 4:12 | Create | Villager (Male) |
| 4:57 | Create | Villager (Male) |
| 5:17 | Build | Barracks |
| 5:20 | Create | Villager (Male) |
| 5:35 | Build | House |
| 5:41 | Create | Villager (Male) |
| 5:42 | Research | Loom |
| 6:38 | Research | Feudal Age |
| 7:01 | Build | Mining Camp |
| 7:05 | Create | Militia |
| 7:05 | Create | Militia |
| 7:29 | Create | Militia |
| 7:45 | Create | Militia |
| 7:54 | Build | House |
| 8:13 | Create | Militia |
| 8:17 | Build | House |
| 8:45 | Create | Villager (Male) |
| 8:50 | Age | Feudal Age |
| 8:55 | Research | Man-at-Arms (upgrade) |
| 8:55 | Research | Man-at-Arms (upgrade) |
| 9:11 | Create | Villager (Male) |
| 9:13 | Build | Archery Range |
| 9:32 | Create | Spearman |
| 9:53 | Create | Villager (Male) |
| 10:09 | Build | Mill |
| 10:22 | Create | Archer |
| 10:23 | Create | Villager (Male) |
| 10:42 | Build | Farm |
| 10:42 | Build | Farm |
| 10:42 | Build | Farm |
| 10:43 | Create | Archer |
| 11:02 | Create | Villager (Male) |
| 11:03 | Create | Villager (Male) |
| 11:04 | Create | Archer |
| 11:28 | Create | Archer |
| 11:49 | Create | Villager (Male) |
| 11:51 | Build | Farm |
| 11:57 | Create | Archer |
| 12:19 | Create | Villager (Male) |
| 12:20 | Create | Villager (Male) |
| 12:20 | Create | Archer |
| 12:27 | Build | Stable |
| 12:39 | Create | Villager (Male) |
| 13:02 | Create | Archer |
| 13:03 | Create | Villager (Male) |
| 13:06 | Build | House |
| 13:06 | Build | Palisade Wall |
| 13:20 | Create | Villager (Male) |
| 13:27 | Create | Archer |
| 13:33 | Build | Farm |
| 13:36 | Create | Scout Cavalry |
| 13:44 | Create | Villager (Male) |
| 13:46 | Build | Farm |
| 13:47 | Build | House |
| 14:02 | Create | Archer |
| 14:10 | Create | Archer |
| 14:11 | Create | Villager (Male) |
| 14:11 | Create | Villager (Male) |
| 14:29 | Create | Villager (Male) |
| 14:52 | Create | Villager (Male) |
| 14:54 | Build | Farm |
| 14:55 | Build | Farm |
| 15:07 | Build | House |
| 15:13 | Create | Archer |
| 15:14 | Create | Villager (Male) |
| 15:16 | Build | Farm |
| 15:28 | Build | Palisade Wall |
| 15:33 | Create | Villager (Male) |
| 15:46 | Create | Scout Cavalry |
| 15:59 | Create | Villager (Male) |
| 16:01 | Build | Blacksmith |
| 16:05 | Create | Archer |
| 16:18 | Create | Villager (Male) |
| 16:25 | Create | Archer |
| 16:28 | Create | Villager (Male) |
| 16:31 | Build | Farm |
| 16:32 | Build | Farm |
| 17:02 | Create | Villager (Male) |
| 17:04 | Create | Archer |
| 17:13 | Build | House |
| 17:13 | Build | Palisade Wall |
| 17:17 | Build | Farm |
| 17:35 | Research | Fletching |
| 17:35 | Research | Fletching |
| 17:36 | Create | Villager (Male) |
| 17:38 | Build | Farm |
| 17:38 | Build | Farm |
| 17:58 | Build | House |
| 18:00 | Build | Palisade Wall |
| 18:15 | Create | Villager (Male) |
| 18:16 | Create | Archer |
| 18:47 | Create | Villager (Male) |
| 18:49 | Build | Market |
| 19:01 | Create | Archer |
| 19:09 | Create | Archer |
| 19:40 | Research | Castle Age |
| 19:41 | Create | Archer |
| 19:44 | Create | Scout Cavalry |
| 19:49 | Build | House |
| 20:06 | Create | Scout Cavalry |
| 20:07 | Create | Archer |
| 20:20 | Build | House |
| 20:21 | Build | Palisade Wall |
| 20:28 | Build | Palisade Wall |
| 20:33 | Build | House |
| 20:34 | Build | Palisade Wall |
| 20:36 | Create | Scout Cavalry |
| 20:46 | Research | Town Watch |
| 20:48 | Create | Spearman |
| 20:55 | Create | Archer |
| 21:02 | Create | Villager (Male) |
| 21:07 | Create | Archer |
| 21:08 | Create | Scout Cavalry |
| 21:23 | Create | Villager (Male) |
| 21:46 | Create | Villager (Male) |
| 21:54 | Create | Scout Cavalry |
| 22:16 | Build | Palisade Wall |
| 22:20 | Age | Castle Age |
| 22:30 | Research | Bodkin Arrow |
| 22:31 | Create | Cavalry Archer |
| 22:40 | Create | Scout Cavalry |
| 23:02 | Create | Knight |
| 23:23 | Build | Archery Range |
| 23:24 | Create | Scout Cavalry |
| 23:28 | Create | Villager (Male) |
| 23:39 | Build | Town Center |
| 23:46 | Create | Knight |
| 23:48 | Create | Knight |
| 23:50 | Create | Villager (Male) |
| 23:54 | Build | Town Center |
| 24:07 | Create | Cavalry Archer |
| 24:17 | Build | House |
Match timeline
| 5:17 | FMG | GreatMaty · first_building Barracks |
| 6:32 | Rainbowlucho · wall_segment Palisade Wall x1 |
| 7:00 | Rainbowlucho · wall_segment Palisade Wall x9 |
| 7:32 | Rainbowlucho · first_building Barracks |
| 8:39 | Rainbowlucho · wall_segment Palisade Wall x1 |
| 8:41 | Rainbowlucho · wall_segment Palisade Wall x1 |
| 8:48 | Rainbowlucho · wall_segment Palisade Wall x1 |
| 8:50 | FMG | GreatMaty · age_up feudal |
| 8:55 | Rainbowlucho · age_up feudal |
| 9:05 | Rainbowlucho · first_building Archery Range |
| 9:13 | FMG | GreatMaty · first_building Archery Range |
| 9:24 | Rainbowlucho · wall_segment Palisade Wall x6 |
| 12:27 | FMG | GreatMaty · first_building Stable |
| 13:06 | FMG | GreatMaty · wall_segment Palisade Wall x7 |
| 15:28 | FMG | GreatMaty · wall_segment Palisade Wall x11 |
| 17:13 | FMG | GreatMaty · wall_segment Palisade Wall x9 |
| 17:16 | Rainbowlucho · first_building Stable |
| 18:00 | FMG | GreatMaty · wall_segment Palisade Wall x9 |
| 18:23 | Rainbowlucho · wall_segment Palisade Wall x2 |
| 18:43 | Rainbowlucho · wall_segment Palisade Wall x1 |
| 19:35 | FMG | GreatMaty · first_market_buy 100 food |
| 19:37 | FMG | GreatMaty · first_market_sell 500 wood |
| 20:21 | FMG | GreatMaty · wall_segment Palisade Wall x9 |
| 20:28 | FMG | GreatMaty · wall_segment Palisade Wall x1 |
| 20:34 | FMG | GreatMaty · wall_segment Palisade Wall x4 |
| 22:16 | FMG | GreatMaty · wall_segment Palisade Wall x1 |
| 22:20 | FMG | GreatMaty · age_up castle |
| 27:07 | Rainbowlucho · first_market_sell 500 wood |
| 27:09 | Rainbowlucho · first_market_buy 100 food |
| 30:29 | Rainbowlucho · age_up castle |
| 31:39 | FMG | GreatMaty · wall_segment Palisade Wall x1 |
| 32:05 | FMG | GreatMaty · wall_segment Palisade Wall x1 |
| 33:01 | Rainbowlucho · wall_segment Palisade Wall x4 |
| 33:03 | Rainbowlucho · wall_segment Palisade Wall x1 |
| 38:09 | FMG | GreatMaty · first_building Monastery |
| 39:18 | Rainbowlucho · wall_segment Palisade Wall x1 |
| 39:50 | FMG | GreatMaty · first_building Castle |
| 41:16 | Rainbowlucho · first_building Castle |
| 44:34 | FMG | GreatMaty · first_building Siege Workshop |
| 45:17 | Rainbowlucho · first_building Siege Workshop |
| 45:48 | FMG | GreatMaty · age_up imperial |
| 46:39 | Rainbowlucho · resign |
[ AI ANALYSIS · 1 CREDIT ]
What really happened in this match?
Wolo.gg analyzes every decision: build order, eco, micro, common mistakes by bracket. Personalized analysis on WhatsApp or Discord in 30 seconds.
Civ guide
Franks
Perfil
Rainbowlucho